 Dungeon Crawl Stone Soup version 0.31-a0-1059-g83d41fd8b6 (webtiles) character file.

Game seed: 14713838728998692816

320 Maratek the Shield-Bearer (level 6, 0/61 HPs)
             Began as a Troll Fighter on Nov 21, 2023.
             Slain by Grinder (3 damage)
             ... on level 3 of the Dungeon.
             The game lasted 00:02:57 (2082 turns).

Maratek the Shield-Bearer (Troll Fighter)           Turns: 2082, Time: 00:02:58

Health: 0/61       AC:  4    Str: 27    XL:     6   Next: 22%
Magic:  5/5        EV:  9    Int:  4    God:
Gold:   170        SH:  8    Dex:  9    Spells: 5/5 levels left

rFire   . .          .
                       - Unarmed
rCold   . . .        b - +0 kite shield
rNeg    . . .        a - +0 robe
rPois   .            (helmet restricted)
rElec   .            (no cloak)
rCorr   .            (gloves unavailable)
SInv    .            (boots unavailable)
Will    .....        (no amulet)
Stlth   +            h - ring of flight
HPRegen 1.10/turn    (no ring)
MPRegen 0.09/turn

%: no passive effects
@: mighty, flying
A: large, unfitting armour, claws 3, regeneration 1, shaggy fur 1, tough skin 1
a: no special abilities


You were on level 3 of the Dungeon.
You visited 1 branch of the dungeon, and saw 3 of its levels.

You collected 170 gold pieces.

Inventory:

Armour
 a - a +0 robe (worn)
 b - a +0 kite shield (worn)
Jewellery
 h - a ring of flight (left claw)
Wands
 i - a wand of flame (4)
 k - a wand of mindburst (8)
Scrolls
 d - 3 scrolls of identify
 f - a scroll of butterflies {unknown}
 m - a scroll of teleportation
Potions
 c - a potion of might
 e - 2 potions of enlightenment {unknown}
 g - 2 potions of brilliance {unknown}
 j - 2 potions of curing {unknown}


   Skills:
 + Level 3.5 Fighting
 + Level 3.5 Dodging
 + Level 3.9 Shields
 + Level 3.6 Unarmed Combat


You had 5 spell levels left.
You didn't know any spells.
Your spell library was empty.

Dungeon Overview and Level Annotations

Branches:
Dungeon (3/15)

Altars:

Shops:
D:1 ([(

Annotations:
D:3 Grinder


Innate Abilities, Weirdness & Mutations

You are too large for most types of armour.
You have claws for hands.
Your natural rate of healing is unusually fast.
You are covered in fur. (AC +1)
You have tough skin. (AC +1)


Message History

Grinder is moderately wounded.
Grinder hits you but does no damage.
You feel very mighty all of a sudden. Grinder hits you but does no damage.
You closely miss Grinder.
Grinder is moderately wounded.
Grinder hits you but does no damage.
You claw Grinder!
Grinder is heavily wounded.
Grinder hits you but does no damage.
You barely miss Grinder.
Grinder is heavily wounded.
Grinder hits you.
* * * LOW HITPOINT WARNING * * *
You scratch Grinder.
Grinder is severely wounded.
Grinder hits you.
* * * LOW HITPOINT WARNING * * *
You writhe in agony.
* * * LOW HITPOINT WARNING * * *
You scratch Grinder but do no damage.
Grinder is heavily wounded.
Grinder barely misses you.
You closely miss Grinder.
Grinder is heavily wounded.
Grinder misses you.
You barely miss Grinder.
Grinder is heavily wounded.
Grinder hits you.
* * * LOW HITPOINT WARNING * * *
You writhe in agony.
* * * LOW HITPOINT WARNING * * *
You claw Grinder!
Grinder is almost dead.
You block Grinder's attack.
You closely miss Grinder.
Grinder is almost dead.
Grinder hits you.
You die...
Grinder says, "Now the real fun starts!"

##≈.≈####....# ##...#.†..
###≈≈.≈≈##.♣.♣.# #####.###
###P≈≈≈.≈≈≈P.....# #.#
#.............8.|# #.#
#.#P≈≈≈.≈≈≈P.....# #.#
#.###≈≈.≈≈##.♣.♣.# #.# #
#.####≈.≈####....# #.#.# #..#
#P.P#.########## # #.#..
##.####.##..5@....>.#
##P#.#.. #..###.######.###..#
#..#.#..
##.....######.###..###..#.#.#
#####.##......<.....#P.#.#.P
#.##.###.####.####.#.#..
#.##.##..# #...#..#.#..
#.##.##.## #†###..#.#.#
#.##.##.# #.# #.P#.# #
#.##.##.# #.# ##.#.#


You could see Grinder.

Vanquished Creatures
  An ogre (D:3)
  A howler monkey (D:3)
  Jessica (D:3)
  Ijyb (D:3)
  Natasha (twice) (D:3)
  Terence (D:2)
  An adder (D:3)
  A worm (D:2)
  4 dart slugs
  6 ball pythons
  2 bats
  6 endoplasms
  3 giant cockroaches
  5 hobgoblins
  3 jackals (D:1)
  3 quokkas
  3 frilled lizards (D:1)
  3 goblins
  4 kobolds
  6 rats
57 creatures vanquished.

Notes
Turn   | Place    | Note
-------+----------+-------------------------------------------
     0 | D:1      | Maratek the Troll Fighter began the quest for the Orb.
     0 | D:1      | Reached XP level 1. HP: 22/22 MP: 0/0
    27 | D:1      | Found Nus Bea's Antique Armour Emporium.
   130 | D:1      | Reached XP level 2. HP: 28/29 MP: 1/1
   208 | D:1      | Found Munwoble's Antique Weapon Emporium.
   428 | D:1      | Reached XP level 3. HP: 36/36 MP: 2/2
   669 | D:1      | Found Lita's Weapon Boutique.
   739 | D:2      | Noticed Terence
   745 | D:2      | Killed Terence
   989 | D:2      | Found a faded altar of an unknown god.
  1111 | D:2      | Reached XP level 4. HP: 44/44 MP: 3/3
  1318 | D:3      | Noticed an ogre
  1329 | D:3      | Killed an ogre
  1330 | D:3      | Reached XP level 5. HP: 11/53 MP: 4/4
  1535 | D:3      | Noticed Jessica
  1536 | D:3      | Killed Jessica
  1544 | D:3      | Noticed Ijyb
  1552 | D:3      | Killed Ijyb
  1923 | D:3      | Reached XP level 6. HP: 60/61 MP: 5/5
  1962 | D:3      | Noticed Natasha
  1966 | D:3      | Killed Natasha
  1974 | D:3      | Noticed Natasha
  1985 | D:3      | Killed Natasha
  2061 | D:3      | Noticed Grinder
  2066 | D:3      | Paralysed by Grinder for 3 turns
  2080 | D:3      | HP: 1/61 [Grinder (5)]
  2082 | D:3      | Slain by Grinder

Illustrated notes

Levels and vault maps discovered:
D:1:      shiori_shiawase, layout_basic, serial_shops,
          nicolae_shop_just_a_little_nook, nicolae_shop_bloodbath_and_beyond,
          nicolae_shop_tiny_statue_garden, wad_floor_pattern_2,
          minmay_tromino_i4
D:2:      layout_rooms, dreamdust_ecumenical_altar_grove, uniq_terence
D:3:      layout_loops_ring, serial_aquarium, aquarium_bridge_long_joined
          [aquarium_subvault_window, aquarium_subvault_bridge,
          aquarium_subvault_balcony, aquarium_subvault_wall,
          aquarium_subvault_bridge, aquarium_subvault_bridge],
          aquarium_window_1, aquarium_window_1, aquarium_window_corridor_1,
          aquarium_window_1, aquarium_view_4, aquarium_balcony_3a,
          aquarium_pool_2, dreamdust_princess_bridge, eino_tiny_chamber,
          uniq_natasha, uniq_grinder, uniq_jessica, uniq_ijyb

Skill      XL: |  1  2  3  4 |
---------------+-------------+-----
Shields        | 3 |  3.9
Fighting       | 3 |  3.5
Dodging        | 3 |  3.5
Unarmed Combat | 3 |  3.6

Action                     |  1- 3 |  4- 6 || total
---------------------------+-------+-------++-------
  Melee: Unarmed           |    98 |    80 ||   178
    Use: Scroll            |       |     6 ||     6
         Potion            |       |     1 ||     1
   Stab: Distracted        |     1 |       ||     1
         Sleeping          |       |     1 ||     1
 Armour: Robe              |    67 |    41 ||   108
  Dodge: Dodged            |    44 |    19 ||    63
  Block: Kite shield       |    41 |    20 ||    61

Table legend: (Time is in decaauts)
 A = Elapsed time spent in this place.
 B = Non-inter-level travel time spent in this place.
 C = Inter-level travel time spent in this place.
 D = Time resting spent in this place.
 E = Time spent auto-exploring this place.
 F = Levels seen in this place.
 G = Mean time per level.
                   A        B        C        D        E       F      G
               +--------+--------+--------+--------+--------+-----+--------+
         Total |   2096 |   2066 |     30 |      0 |   1686 |   3 |  698.7 |
       Dungeon |   2096 |   2066 |     30 |      0 |   1686 |   3 |  698.7 |
               +--------+--------+--------+--------+--------+-----+--------+

Top non-repeatable levels by time:
     D:3: 873 daAuts
     D:1: 745 daAuts
     D:2: 478 daAuts
